 Dungeon Crawl Stone Soup version 0.30-a0-331-g8ab09dc110 (webtiles) character file.

Game seed: 15870589806837188560

2387 gruber the Destroyer (level 9, -6/62 HPs)
             Began as a Demigod Conjurer on Oct 29, 2022.
             Mangled by an orc warrior
             ... wielding a +0 halberd
              (14 damage)
             ... in a bailey.
             The game lasted 00:08:09 (7958 turns).

gruber the Destroyer (Demigod Conjurer)             Turns: 7958, Time: 00:08:10

Health: -6/62      AC:  6    Str:  8    XL:     9   Next: 2%
Magic:  22/22      EV: 12    Int: 32    God:
Gold:   314        SH:  0    Dex: 12    Spells: 10/20 levels left

rFire   + . .      SeeInvis .    r - +1 whip (venom)
rCold   + . .      Faith    .    (no shield)
rNeg    . . .      Spirit   .    a - +0 robe
rPois   .          Reflect  .    G - +0 helmet
rElec   .          Harm     .    y - scarf {rC+ rF+}
rCorr   .          Rampage  .    f - +0 pair of gloves
Will    .....                    s - +1 pair of boots
Stlth   ++........               (no amulet)
HPRegen 0.30/turn                (no ring)
MPRegen 0.18/turn                (no ring)

@: no status effects
A: high MP 1, forlorn, divine attributes
a: no special abilities


You were in a bailey.
You visited 2 branches of the dungeon, and saw 8 of its levels.
You also visited: Sewer and Bailey.

You collected 314 gold pieces.

Inventory:

Hand Weapons
 r - a +1 whip of venom (weapon)
 v - a +2 whip of electrocution
Missiles
 A - a throwing net
Armour
 a - a +0 robe (worn)
 f - a +0 pair of gloves (worn)
 s - a +1 pair of boots (worn)
 y - a scarf of resistance (worn)
 G - a +0 helmet (worn)
Magical Staves
 i - a staff of fire
Wands
 o - a wand of charming (9)
 E - a wand of mindburst (11)
Scrolls
 c - a scroll of fear {unknown}
 e - 7 scrolls of teleportation {unknown}
 k - 3 scrolls of identify {unknown}
 l - a scroll of blinking {unknown}
 m - 2 scrolls of butterflies {unknown}
 n - 2 scrolls of poison {unknown}
 p - 2 scrolls of amnesia {unknown}
 u - a scroll of enchant weapon {unknown}
 B - a scroll of magic mapping {unknown}
 D - a scroll of noise {unknown}
 H - a scroll of enchant armour {unknown}
Potions
 b - 4 potions of magic
 d - 5 potions of heal wounds {unknown}
 g - 2 potions of flight {unknown}
 h - 5 potions of curing {unknown}
 j - 2 potions of mutation {unknown}
 q - 2 potions of cancellation {unknown}
 t - a potion of haste {unknown}
 w - 2 potions of ambrosia {unknown}
 x - a potion of brilliance {unknown}
 z - 2 potions of attraction {unknown}
 C - a potion of lignification {unknown}


   Skills:
 - Level 1.7 Dodging
 - Level 1.7 Stealth
 * Level 6.3 Spellcasting
 - Level 10.0 Conjurations


You had 10 spell levels left.
You knew the following spells:

 Your Spells              Type           Power      Damage    Failure   Level
a - Magic Dart            Conj           100%       1d8       1%          1
b - Searing Ray           Conj           100%       2d8       1%          2
c - Iskenderun's Mystic   Conj/Tloc      42%        2d10      5%          4
d - Frozen Ramparts       Ice            20%        1d4       14%         3

Your spell library contained the following spells:

 Spells                   Type           Power      Damage    Failure   Level
 Dazzling Flash           Conj/Hex       84%        N/A       1%          3
 Beastly Appendage        Tmut           20%        N/A       4%          1
 Fulminant Prism          Conj/Hex       21%        3d12      5%          4
 Sublimation of Blood     Necr           10%        N/A       7%          2
 Wereblood                Tmut           10%        N/A       7%          2
 Inner Flame              Hex/Fire       10%        N/A       14%         3
 Spider Form              Tmut/Pois      10%        N/A       14%         3
 Irradiate                Conj/Tmut      21%        3d18      16%         5
 Cause Fear               Hex            5%         N/A       41%         4
 Ice Form                 Ice/Tmut       10%        N/A       41%         4
 Petrify                  Tmut/Erth      10%        N/A       41%         4
 Summon Ice Beast         Ice/Summ       10%        N/A       41%         4
 Discord                  Hex            5%         N/A       100%        8


Dungeon Overview and Level Annotations

Branches:
Dungeon (7/15)             Temple (1/1) D:5           Sewer (visited)
 Bailey (1/1)


Innate Abilities, Weirdness & Mutations

You have an increased reservoir of magic. (+10% MP)
You shall have no god before yourself.
Your divine heritage dramatically boosts your attributes as you level up.


Message History

(Press . to maintain the ray.)
An orc warrior comes into view. It is wielding a +0 glaive.
The orc warrior hits you from afar with a +0 halberd.
Unknown command.
The searing ray hits the orc warrior!
The orc warrior is moderately wounded.
The orc warrior barely misses you.
The searing ray hits the orc warrior.
The orc warrior is moderately wounded.
The orc warrior closely misses you.
The searing ray misses the orc warrior.
You finish channelling your searing ray.
The orc warrior closely misses you.
Casting: Searing Ray (safe; 1% risk of failure)
Confirm with . or Enter, or press ? or * to list all spells.
Aiming: Searing Ray (safe; 1% risk of failure)
Press: ? - help, Shift-Dir - straight line, f/p - orc warrior
Aim: an orc warrior, wielding a +0 halberd and wearing a +0 chain mail (moderately wounded, 81% to hit)
The searing ray misses the orc warrior.
The searing ray hits the orc warrior.
The orc warrior is lightly wounded. (Press . to maintain the ray.)
The orc warrior closely misses you.
The searing ray hits the orc warrior but does no damage.
The orc warrior is moderately wounded.
The searing ray hits the orc warrior.
The orc warrior is moderately wounded.
The orc warrior hits you from afar with a +0 halberd.
The searing ray hits the orc warrior!
The orc warrior is severely wounded.
The orc warrior hits you from afar with a +0 glaive!
The orc warrior closely misses you.
The searing ray hits the orc warrior.
The orc warrior is almost dead.
You finish channelling your searing ray.
The orc warrior closely misses you. x2
Magic courses through your body.
The orc warrior hits you from afar with a +0 glaive!
* * * LOW HITPOINT WARNING * * *
The orc warrior hits you from afar with a +0 halberd!
You die...

..≈≈≈≈≈..####
...≈≈≈≈.....###
...≈≈≈≈..♣♣...♣♣♣
...≈ ≈..♣......♣♣
..######.........♣
..............∩..♣
...)..........o..♣
...).....(....o.@♣
..............∩..♣
..######.........♣
...≈≈≈≈.........♣♣
.♣.≈≈≈≈..♣....♣♣♣
...≈≈≈≈.....###
..♣≈≈≈≈..♣.##
..♣≈≈≈≈≈...#
..♣♣≈≈≈≈≈.♣#


You could see 2 orc warriors.

Vanquished Creatures
  Grinder (D:3)
  A wyvern (D:7)
  Menkaure (D:5)
  2 orc warriors
  A black bear (D:4)
  A centaur (D:6)
  A bullfrog (D:7)
  2 kobold brigands
  2 necrophages
  A scorpion (D:5)
  5 wights (D:6)
  A howler monkey (D:3)
  5 hounds
  2 jellies (D:4)
  2 orc priests
  Ijyb (D:3)
  4 orc wizards
  6 iguanas
  13 adders
  5 gnolls
  2 river rats (Sewer)
  4 worms
  20 orcs
  5 bats
  6 endoplasms
  6 giant cockroaches
  2 goblins
  10 hobgoblins
  2 jackals (D:2)
  30 kobolds
  7 quokkas
  10 ball pythons
  4 frilled lizards
  30 rats
195 creatures vanquished.

Notes
Turn   | Place    | Note
-------+----------+-------------------------------------------
     0 | D:1      | gruber the Demigod Conjurer began the quest for the Orb.
     0 | D:1      | Reached XP level 1. HP: 14/14 MP: 5/5
   222 | D:1      | Reached skill level 4 in Conjurations
   327 | D:1      | Reached XP level 2. HP: 20/20 MP: 4/7
   984 | D:1      | Reached XP level 3. HP: 14/26 MP: 0/8
  1257 | D:1      | Learned a level 2 spell: Searing Ray
  1447 | D:2      | Reached skill level 5 in Conjurations
  1692 | D:2      | Reached XP level 4. HP: 33/33 MP: 5/9
  2157 | D:3      | Noticed Grinder
  2168 | D:3      | Paralysed by Grinder for 3 turns
  2176 | D:3      | Killed Grinder
  2177 | D:3      | Reached skill level 6 in Conjurations
  2177 | D:3      | Reached XP level 5. HP: 13/38 MP: 0/10
  2275 | D:3      | Noticed Ijyb
  2283 | D:3      | Killed Ijyb
  2284 | D:3      | Reached XP level 6. HP: 41/45 MP: 1/11
  2604 | D:3      | Learned a level 4 spell: Iskenderun's Mystic Blast
  2719 | D:3      | Reached skill level 7 in Conjurations
  3524 | D:4      | Found a glowing drain.
  3527 | D:4      | Reached skill level 8 in Conjurations
  3537 | Sewer    | Entered a sewer
  3670 | Sewer    | Reached XP level 7. HP: 50/50 MP: 8/12
  4956 | D:4      | Reached skill level 9 in Conjurations
  5497 | D:5      | Entered Level 5 of the Dungeon
  5743 | D:5      | Noticed Menkaure
  5749 | D:5      | Killed Menkaure
  5881 | D:5      | Reached XP level 8. HP: 57/57 MP: 6/13
  6132 | D:5      | Found a staircase to the Ecumenical Temple.
  6196 | Temple   | Entered the Ecumenical Temple
  6297 | D:5      | Reached skill level 10 in Conjurations
  7496 | D:7      | Reached skill level 5 in Spellcasting
  7737 | D:7      | Found a flagged portal.
  7845 | Bailey   | Entered a bailey
  7931 | Bailey   | Reached XP level 9. HP: 34/62 MP: 11/22
  7936 | Bailey   | Learned a level 3 spell: Frozen Ramparts
  7958 | Bailey   | Mangled by an orc warrior

Illustrated notes

Levels and vault maps discovered:
D:1:      saegor_arrival_miasma, layout_loops_ring, roderic_lattice_a,
          minmay_rat_gold_closets
D:2:      layout_basic, dreamdust_ecumenical_altar_statues
D:3:      layout_loops_ring, kennysheep_generic_room_6, uniq_ijyb, uniq_grinder
D:4:      layout_cave_pods, lemuel_round_altar, cheibrodos_sewer_entry_bend,
          kennysheep_generic_room_13, uniq_crazy_yiuf_cottage
D:5:      layout_loops_cross, temple_green, uniq_menkaure
D:6:      layout_rooms, hangedman_decor_riveting
D:7:      layout_loops_ring, mainiacjoe_overflow_paths, enter_bailey_6,
          roderic_roman_lattice, uniq_prince_ribbit1
Temple:   minmay_crystal_spiral_temple
Bailey:   bailey_polearm_elven_captive_hellmonk, bailey

Skill      XL: |  1  2  3  4  5  6  7  8 |
---------------+-------------------------+-----
Conjurations   | 4 5 6 8 9 10 | 10.0
Spellcasting   | 6 |  6.3
Dodging        | |  1.7
Stealth        | |  1.7

Action                   |  1- 3 |  4- 6 |  7- 9 || total
-------------------------+-------+-------+-------++-------
Melee: Unarmed           |    11 |       |       ||    11
       Staff             |    13 |       |       ||    13
       Rapier            |     6 |    12 |       ||    18
       Whip              |       |     4 |    99 ||   103
       Punch             |       |       |     1 ||     1
Throw: Dart              |       |       |     1 ||     1
 Cast: Magic Dart        |    77 |    70 |   125 ||   272
       Searing Ray       |       |    10 |    29 ||    39
  Use: Potion            |       |       |     1 ||     1
 Stab: Sleeping          |       |       |     2 ||     2
Armor: Robe              |     9 |     5 |    42 ||    56
Dodge: Dodged            |    35 |    20 |    93 ||   148

Table legend: (Time is in decaauts)
 A = Elapsed time spent in this place.
 B = Non-inter-level travel time spent in this place.
 C = Inter-level travel time spent in this place.
 D = Time resting spent in this place.
 E = Time spent auto-exploring this place.
 F = Levels seen in this place.
 G = Mean time per level.
                   A        B        C        D        E       F      G
               +--------+--------+--------+--------+--------+-----+--------+
         Total |   7990 |   7722 |    268 |     82 |   6536 |  10 |  799.0 |
       Dungeon |   6838 |   6578 |    260 |     82 |   5603 |   7 |  976.9 |
        Temple |     26 |     19 |      7 |      0 |     18 |   1 |   26.0 |
         Sewer |   1011 |   1011 |      0 |      0 |    852 |   1 | 1011.0 |
        Bailey |    112 |    112 |      0 |      0 |     63 |   1 |  112.0 |
               +--------+--------+--------+--------+--------+-----+--------+

Top non-repeatable levels by time:
     D:4: 1446 daAuts
     D:1: 1290 daAuts
     D:5: 1095 daAuts
     D:3: 1070 daAuts
   Sewer: 1011 daAuts
     D:6: 842 daAuts
     D:2: 703 daAuts
     D:7: 390 daAuts
  Bailey: 112 daAuts
  Temple: 26 daAuts
